 Dungeon Crawl Stone Soup version 0.20-a0-268-gb6bde61 (webtiles) character file.

15570 Kadarus the Thaumaturge (level 12, -2/59 HPs)
             Began as a Deep Elf Fire Elementalist on Dec 7, 2016.
             Was a Priest of Sif Muna.
             Killed from afar by a catoblepas (8 damage)
             ... with a blast of calcifying dust
             ... on level 2 of the Lair of Beasts.
             The game lasted 01:31:17 (17675 turns).

Kadarus the Thaumaturge (DEFE)                     Turns: 17675, Time: 01:31:18

Health: -2/59      AC:  6    Str:  6    XL:     12   Next: 2%
Magic:  25/37      EV: 20    Int: 25    God:    Sif Muna [***...]
Gold:   534        SH:  0    Dex: 19    Spells: 9/31 levels left

rFire  + . .     SeeInvis .     J - staff of fire
rCold  . . .     Gourm    .     a - +0 robe
rNeg   . . .     Faith    .     (no shield)
rPois  +         Spirit   .     n - +2 helmet of Elyvilon's Supremacy {Dex+4}
rElec  .         Reflect  .     C - +0 cloak
rCorr  .         Harm     .     (no gloves)
MR     +....                    (no boots)
Stlth  ++........               (no amulet)
                                E - ring of poison resistance
                                x - ring of magical power

@: divine energy
A: no striking features
a: Stop Divine Energy, Channel Magic, Renounce Religion


You were on level 2 of the Lair of Beasts.
You worshipped Sif Muna.
Sif Muna was most pleased with you.
You were not hungry.

You visited 3 branches of the dungeon, and saw 12 of its levels.

You collected 589 gold pieces.
You spent 55 gold pieces at shops.

Inventory:

Armour
 a - a +0 robe (worn)
 e - a +0 leather armour
 n - the +2 helmet of Elyvilon's Supremacy (worn) {Dex+4}
   (You found it on level 9 of the Dungeon)

   It affects your dexterity (+4).
 C - a +0 cloak (worn)
Magical Staves
 J - an uncursed staff of fire (weapon)
Jewellery
 f - an uncursed ring of wizardry
 r - an uncursed ring of protection from cold
 x - a ring of magical power (left hand)
 E - a ring of poison resistance (right hand)
Wands
 b - a wand of iceblast (8/15)
 i - a wand of teleportation (4/9)
 o - a wand of slowing (29/48)
 B - a wand of acid (2/15)
 Q - a wand of paralysis (5/24)
Scrolls
 j - a scroll of fear
 l - 2 scrolls of blinking
 m - 8 scrolls of teleportation
 p - 3 scrolls of recharging
 s - a scroll of noise {unknown}
 u - a scroll of immolation {unknown}
 v - 2 scrolls of enchant weapon
 y - a scroll of enchant armour {unknown}
 A - 6 scrolls of remove curse
 D - a scroll of random uselessness {unknown}
 F - a scroll of silence
 H - a scroll of fog {unknown}
 L - a scroll of magic mapping {unknown}
 N - a scroll of amnesia
Potions
 d - 3 potions of haste
 g - 5 potions of curing
 h - 6 potions of brilliance
 q - 2 potions of agility
 t - 2 potions of flight
 w - 2 potions of might
 G - a potion of lignification
 I - a potion of resistance
 K - a potion of mutation
 M - a potion of magic
 R - a potion of invisibility {unknown}
Books
 z - a book of Geomancy

   Spells                             Type                      Level
   a - Sandblast                      Earth                        1
   b - Passwall                       Transmutation/Earth          2
   c - Stone Arrow                    Conjuration/Earth            3
   d - Petrify                        Transmutation/Earth          4
   e - Lee's Rapid Deconstruction     Earth                        5
 O - a book of Flames

   Spells                             Type                      Level
   a - Flame Tongue                   Conjuration/Fire             1
   b - Throw Flame                    Conjuration/Fire             2
   c - Conjure Flame                  Conjuration/Fire             3
   d - Inner Flame                    Hexes/Fire                   3
   e - Sticky Flame                   Conjuration/Fire             4
   f - Fireball                       Conjuration/Fire             5
Comestibles
 c - 8 bread rations
 k - a meat ration
 P - 2 beef jerkies


   Skills:
   Level 5.9 Short Blades
 - Level 3.1 Staves
 - Level 9.2 Dodging
 - Level 2.4 Stealth
 - Level 10.2 Spellcasting
 - Level 8.1 Conjurations
 + Level 9.1 Fire Magic
 - Level 8.9 Earth Magic
 + Level 4.6 Invocations
 - Level 6.0 Evocations


You had 9 spell levels left.
You knew the following spells:

 Your Spells              Type           Power        Failure   Level  Hunger
a - Lee's Rapid Deconstr  Erth           ######....   3%          5    ####...
b - Throw Flame           Conj/Fire      ######       1%          2    None
c - Conjure Flame         Conj/Fire      ######..     1%          3    None
d - Sticky Flame          Conj/Fire      ######..     1%          4    None
e - Fireball              Conj/Fire      ######....   4%          5    ####...
f - Stone Arrow           Conj/Erth      ######       1%          3    None


Dungeon Overview and Level Annotations

Branches:
Dungeon (9/15)             Temple (1/1) D:4            Lair (2/6) D:9
  Swamp: Lair:2-4    Shoals: Lair:2-4     Snake: Lair:2-4    Spider: Lair:2-4
    Orc: D:9-12

Altars:
Ashenzari
Cheibriados
Dithmenos
Elyvilon
Fedhas
Gozag
Hepliaklqana
Kikubaaqudgha
Makhleb
Nemelex Xobeh
Okawaru
Qazlal
Ru
Sif Muna
Trog
Uskayaw
Vehumet
Xom
Yredelemnul
Zin
The Shining One

Shops:
D:8 *

Annotations:
Lair:2 Urug


Message History

The catoblepas burns!
The catoblepas gores you.
The catoblepas burns!
The catoblepas gores you!
The catoblepas burns!
The catoblepas breathes a plume of calcifying dust at you.
The blast of calcifying dust hits you!
You are engulfed in calcifying dust.
The catoblepas burns!
The catoblepas gores you!!
* * * LOW HITPOINT WARNING * * *
You are engulfed in calcifying dust.
The catoblepas burns!
The catoblepas stops burning.
The catoblepas gores you!
* * * LOW HITPOINT WARNING * * *
You are engulfed in calcifying dust.
The catoblepas gores you.
* * * LOW HITPOINT WARNING * * *
The catoblepas breathes a plume of calcifying dust at you.
The blast of calcifying dust hits you!
* * * LOW HITPOINT WARNING * * *
You turn to flesh and can move again.
The catoblepas breathes a plume of calcifying dust at you.
The blast of calcifying dust hits you!
You die...

...##P....######..##....##.....##
..........##............+........
...#P.....#......##.....##..###.
.........##.......#..>.###.##
####............#......##.#
#....#.P...##......P##+# ##
.###......#..####.....###.####.
...............§........P.#..P##.
...............§@...........†....
...............§§...........††...
...............Y.................
................................(
#.#.P............................
#####............................
...##............#.......P.#.....
...##.......#..Y.##.........##.#.
...##.......#.....#.....##. ..##


You could see a catoblepas and a yak.

Vanquished Creatures
  A hydra (Lair:1)
  A hill giant (D:8)
  Maurice (D:9)
  A black mamba (Lair:1)
  4 spiny frogs
  The ghost of Yakui the Slasher, a novice HuBe of Trog (D:4)
  A centaur skeleton (D:9)
  4 komodo dragons
  A troll (D:9)
  A hornet (D:9)
  Grinder (D:5)
  A tyrant leech (Lair:2)
  4 hippogriffs
  23 yaks
  A basilisk (Lair:1)
  A porcupine (Lair:1)
  3 water moccasins
  3 orc warriors
  5 sky beasts
  An ice beast (D:3)
  A black bear (D:7)
  2 phantoms
  A necrophage (D:8)
  6 ogres
  8 wolves
  5 centaurs
  4 crocodiles
  7 bullfrogs
  3 scorpions
  A water moccasin skeleton (D:7)
  3 killer bees
  3 wights (D:9)
  An electric eel (D:6)
  2 crimson imps
  A bullfrog zombie (D:9)
  2 bullfrog skeletons
  3 hounds
  2 jellies
  A quasit (D:7)
  6 orc priests
  Ijyb (D:2)
  2 iguanas
  19 orc wizards
  7 worker ants
  A hound zombie (D:8)
  A hound skeleton (D:9)
  A howler monkey skeleton (D:4)
  A worker ant zombie (D:5)
  Robin (D:3)
  4 gnolls (D:4)
  12 adders
  A shadow imp (D:8)
  5 oozes
  5 adder skeletons
  5 worms
  2 dart slugs (D:1)
  A leopard gecko (D:4)
  56 orcs
  4 ball pythons
  5 giant cockroaches
  22 goblins
  12 hobgoblins
  9 jackals
  4 quokkas
  6 bats
  4 frilled lizards
  A jackal skeleton (D:4)
  12 kobolds
  A leopard gecko skeleton (D:5)
  10 rats
336 creatures vanquished.

Vanquished Creatures (others)
  3 plants
3 creatures vanquished.

Grand Total: 339 creatures vanquished

Notes
Turn   | Place    | Note
-------+----------+-------------------------------------------
     0 | D:1      | Kadarus the Deep Elf Fire Elementalist began the quest for the Orb.
     0 | D:1      | Reached XP level 1. HP: 10/10 MP: 6/6
   342 | D:1      | Reached XP level 2. HP: 15/15 MP: 6/8
   346 | D:1      | Learned a level 2 spell: Throw Flame
  1059 | D:1      | Reached XP level 3. HP: 19/19 MP: 7/9
  1064 | D:1      | Learned a level 3 spell: Conjure Flame
  1779 | D:2      | Reached XP level 4. HP: 24/24 MP: 2/10
  2017 | D:2      | Noticed Ijyb
  2031 | D:2      | Killed Ijyb
  2449 | D:3      | Found a stormy altar of Qazlal.
  2672 | D:3      | Found an opulent altar of Gozag.
  2980 | D:3      | Reached XP level 5. HP: 19/28 MP: 9/11
  3139 | D:3      | Learned a level 4 spell: Sticky Flame
  3166 | D:3      | Reached skill level 1 in Short Blades
  3349 | D:3      | Noticed an ice beast
  3359 | D:3      | Killed an ice beast
  3359 | D:3      | Reached skill level 5 in Fire Magic
  3576 | D:3      | Reached XP level 6. HP: 31/32 MP: 10/12
  3623 | D:3      | Reached skill level 5 in Conjurations
  3702 | D:3      | Noticed Robin
  3723 | D:3      | Killed Robin
  4888 | D:4      | Reached XP level 7. HP: 36/36 MP: 7/13
  4893 | D:4      | Noticed Yakui's ghost (novice HuBe)
  4953 | D:4      | Killed Yakui's ghost
  4953 | D:4      | Reached skill level 4 in Spellcasting
  4968 | D:4      | Reached skill level 5 in Spellcasting
  4979 | D:4      | Learned a level 5 spell: Fireball
  5426 | D:4      | Lost strength.
  5909 | D:4      | Found a staircase to the Ecumenical Temple.
  5918 | Temple   | Entered the Ecumenical Temple
  6408 | D:5      | Entered Level 5 of the Dungeon
  6562 | D:5      | Reached XP level 8. HP: 10/41 MP: 18/18
  6574 | D:5      | Reached skill level 5 in Short Blades
  6816 | D:5      | Learned a level 3 spell: Stone Arrow
  6822 | D:5      | Noticed Grinder
  6828 | D:5      | Killed Grinder
  6828 | D:5      | Reached skill level 6 in Spellcasting
  6902 | D:5      | Found a hazy altar of Hepliaklqana.
  7068 | D:5      | Found a deep blue altar of Sif Muna.
  7197 | D:5      | Reached skill level 7 in Spellcasting
  7404 | D:6      | Reached skill level 1 in Earth Magic
  7843 | D:6      | Reached XP level 9. HP: 45/45 MP: 18/21
  7891 | D:6      | Learned a level 5 spell: Lee's Rapid Deconstruction
  8417 | D:6      | Reached skill level 5 in Earth Magic
  9005 | D:5      | Became a worshipper of Sif Muna the Loreminder
  9590 | D:7      | Found a sacrificial altar of Ru.
 10505 | D:7      | Reached * piety under Sif Muna
 10889 | D:7      | Reached skill level 1 in Staves
 11025 | D:7      | Found an ancient bone altar of Kikubaaqudgha.
 11369 | D:8      | Found Kyfilept's General Store.
 11372 | D:8      | Bought a potion of curing for 33 gold pieces
 11372 | D:8      | Bought a scroll of identify for 22 gold pieces
 11406 | D:8      | Noticed a hill giant
 11412 | D:8      | Killed a hill giant
 11412 | D:8      | Reached XP level 10. HP: 50/50 MP: 17/22
 11476 | D:8      | Found a sacrificial altar of Ru.
 12526 | D:9      | Reached ** piety under Sif Muna
 12526 | D:9      | Reached skill level 5 in Dodging
 12728 | D:9      | Found an iron altar of Okawaru.
 13011 | D:9      | Got a twisted helmet
 13034 | D:9      | Identified the +2 helmet of Elyvilon's Supremacy {Dex+4} (You found it on level 9 of the Dungeon)
 13045 | D:9      | Reached skill level 1 in Evocations
 13684 | D:9      | Reached XP level 11. HP: 15/54 MP: 0/23
 13943 | D:9      | Found a staircase to the Lair.
 14009 | D:9      | Noticed Maurice
 14015 | D:9      | Killed Maurice
 14657 | Lair:1   | Entered Level 1 of the Lair of Beasts
 14669 | Lair:1   | Reached skill level 5 in Evocations
 15516 | Lair:1   | Noticed a seven-headed hydra
 15522 | Lair:1   | Reached skill level 8 in Spellcasting
 15524 | Lair:1   | Killed a seven-headed hydra
 15524 | Lair:1   | Reached skill level 9 in Spellcasting
 15531 | Lair:1   | Reached *** piety under Sif Muna
 15775 | Lair:1   | Reached skill level 10 in Spellcasting
 16573 | Lair:1   | Reached skill level 1 in Invocations
 17038 | Lair:2   | Noticed a catoblepas
 17236 | Lair:2   | Noticed Urug
 17343 | Lair:2   | Reached XP level 12. HP: 4/59 MP: 22/28
 17675 | Lair:2   | Killed from afar by a catoblepas

Vault maps used:
D:1:      minmay_arrival_solitary_statue, minmay_door_square
D:2:      uniq_iyjb
D:3:      kennysheep_the_goblin_king, grunt_temple_overflow_open, first_bread,
          uniq_robin
D:5:      kennysheep_mini_moat, basic_altar, uniq_grinder
D:6:      nicolae_lava_and_water, corexii_corridor_pit
D:7:      nicolae_overflow_hidden_temple, basic_altar
D:8:      nicolae_ru_sacrificial_ziggurat, serial_shops, kennysheep_mini
D:9:      david_lair_shrubbed, special_room, okawaru_trees_2, uniq_maurice
Temple:   lightli_temple_of_artemis
Lair:1:   grunt_megastairs_4
Lair:2:   minmay_swamp_entry_worms, hibernation_bobbens, uniq_urug

Skill      XL: |  1  2  3  4  5  6  7  8  9 10 11 |
---------------+----------------------------------+-----
Conjurations   | 2 3 4 5 7 8 |  8.1
Fire Magic     | 4 5 7 9 |  9.1
Short Blades   | 1 3 4 5 |  5.9
Spellcasting   | 5 7 10 | 10.2
Earth Magic    | 4 8 |  8.9
Staves         | 3 |  3.1
Dodging        | 7 9 |  9.2
Evocations     | 4 6 |  6.0
Invocations    | 4 |  4.6
Stealth        | |  2.4

Action                   |  1- 3 |  4- 6 |  7- 9 | 10-12 || total
-------------------------+-------+-------+-------+-------++-------
Melee: Whip              |     3 |       |       |       ||     3
       Spear             |    17 |    16 |       |       ||    33
       Dagger            |       |   101 |   193 |       ||   294
       Staff             |       |       |    15 |   137 ||   152
 Cast: Flame Tongue      |    67 |    88 |    41 |       ||   196
       Sticky Flame      |       |     4 |    36 |    36 ||    76
       Throw Flame       |       |     2 |    76 |    66 ||   144
       Conjure Flame     |       |       |     1 |       ||     1
       Stone Arrow       |       |       |     6 |    33 ||    39
       Fireball          |       |       |     6 |    16 ||    22
       Lee's Rapid Decon |       |       |     5 |    35 ||    40
Invok: Divine Energy     |       |       |       |     1 ||     1
Evoke: Wand              |       |       |     3 |     2 ||     5
  Use: Scroll            |     5 |     5 |     4 |     7 ||    21
       Potion            |     1 |     1 |     3 |       ||     5
 Stab: Sleeping          |     6 |     3 |     1 |     2 ||    12
       Distracted        |     1 |       |       |       ||     1
  Eat: Chunk             |     2 |    10 |    17 |    27 ||    56
       Pizza             |       |     1 |     3 |       ||     4
       Beef jerky        |       |       |     2 |     1 ||     3
       Royal jelly       |       |       |     1 |       ||     1
       Meat ration       |       |       |       |     1 ||     1
Armor: Robe              |     9 |    27 |    44 |    26 ||   106
Dodge: Dodged            |    35 |    89 |   124 |   173 ||   421
